 Dungeon Crawl Stone Soup version 0.25.0-9-g26727b657a (webtiles) character file.

Game seed: 16867643949613221396

114 Esekla the Slasher (level 4, -1/25 HPs)
             Began as a Deep Elf Warper on June 21, 2020.
             Slain by a hound (2 damage)
             ... on level 5 of the Dungeon.
             The game lasted 00:29:53 (5411 turns).

Esekla the Slasher (Deep Elf Warper)                Turns: 5411, Time: 00:29:54

Health: -1/25      AC:  2    Str:  8    XL:     4   Next: 66%
Magic:  5/10       EV: 14    Int: 18    God:
Gold:   157        SH:  0    Dex: 15    Spells: 5/9 levels left

rFire    . . .     SeeInvis .   a - +1 long sword
rCold    . . .     Gourm    .   (no shield)
rNeg     . . .     Faith    .   o - +0 robe
rPois    .         Spirit   .   (no helmet)
rElec    .         Reflect  .   (no cloak)
rCorr    .         Harm     .   (no gloves)
MR       .....                  (no boots)
Stlth    +.........             (no amulet)
HPRegen  0.08/turn              j - ring of flight
MPRegen  0.12/turn              (no ring)

@: shrouded, very slightly contaminated
A: no striking features
a: Evoke Flight


You were on level 5 of the Dungeon.
You were not hungry.

You visited 1 branch of the dungeon, and saw 5 of its levels.

You collected 157 gold pieces.

Inventory:

Hand Weapons
 a - a +1 long sword (weapon)
 t - the +6 mace "Ibozxaer" {vamp, rElec, unknown}
   (You found it on level 4 of the Dungeon)

   It inflicts no extra harm, but heals its wielder when it wounds a living foe.
   It insulates you from electricity.
Missiles
 e - 2 boomerangs of dispersal (quivered)
Armour
 o - a +0 robe (worn)
Jewellery
 j - a ring of flight (left hand)
 p - an uncursed ring of ice
Wands
 m - a wand of random effects (21)
 v - a wand of polymorph (11)
Scrolls
 i - 2 scrolls of enchant weapon
 r - a scroll of identify {unknown}
 s - a scroll of remove curse
 u - a scroll of random uselessness {unknown}
Potions
 c - a potion of haste {unknown}
 g - a potion of stabbing {unknown}
 h - a potion of flight {unknown}
 k - 2 potions of mutation {unknown}
 l - a potion of berserk rage {unknown}
 n - a potion of might {unknown}
Comestibles
 f - 5 rations
 w - a chunk of flesh


   Skills:
 - Level 1.5 Fighting
 * Level 3.8 Long Blades
 + Level 1.0 Throwing
 - Level 0.7 Armour
 * Level 3.5 Dodging
 - Level 3.0 Spellcasting
 + Level 1.5 Charms
 - Level 3.2 Translocations


You had 5 spell levels left.
You knew the following spells:

 Your Spells              Type           Power        Failure   Level  Hunger
a - Shroud of Golubria    Chrm/Tloc      ##....       10%         2    ##.....
b - Blink                 Tloc           N/A          6%          2    ##.....

Your spell library contained the following spells:

 Spells                   Type           Power        Failure   Level  Hunger
 Gell's Gravitas          Tloc           ##........   13%         3    ###....
 Lesser Beckoning         Tloc           ##........   13%         3    ###....
 Teleport Other           Tloc           ##......     13%         3    ###....
 Passage of Golubria      Tloc           N/A          38%         4    ####...


Dungeon Overview and Level Annotations

Branches:
Dungeon (5/15)             Temple (0/1) D:5

Altars:
Kikubaaqudgha
Nemelex Xobeh
Qazlal
Ru
The Shining One

Annotations:
D:2 1 runed translucent door, Crazy Yiuf


Message History

Your +0 long sword glows red for a moment.
The hound barely misses you.
As you read the scroll labeled QAJIFA COXTIQ, it crumbles to dust.
You feel blessed for a moment.
It was a scroll of remove curse.
The hound bites you. The hound closely misses you.
As you read the scroll labeled RAIGUTILAZ, it crumbles to dust.
You feel aware of your surroundings.
You sensed 2 altars.
It was a scroll of magic mapping.
Your shroud bends the hound's attack away.
The gnoll throws a stone.
The stone closely misses you.
As you read the scroll labeled IHIUDI LYCAMAI, it crumbles to dust.
It is a scroll of amnesia.
Really abort (and waste the scroll)?
Okay, then.
The hound bites you.
* * * LOW HITPOINT WARNING * * *
The gnoll throws a stone.
The stone hits you.
* * * LOW HITPOINT WARNING * * *
The hound bites you.
You die...

**,,*,,,,,,, *,,*,*****,
**,,*,* ** **,,,*,******
*,***,,,,,,,,
***********,* *,******,
*,,,,,,,,,,,***,* *,
*,*#########..,,* *,
*,*#.<@h......,,* *,
*,*#g#########,,* *,
*,*#.# *,,******, *,*#.#*
*,,,,,,,,, *,,.g.*
*,********
***,*##.********,,,,,,,,,
*,,,,,,g.,,,,,,,,,*******
*,,,,,,≈≈≈≈≈,,,,,,* *
**,,,,≈≈≈≈≈≈≈≈≈,,,,** *


You could see a hound and a gnoll.

Vanquished Creatures
  An adder (D:2)
  2 oozes
  4 worms
  A dart slug (D:2)
  2 orcs
  12 bats
  5 giant cockroaches
  9 hobgoblins
  12 jackals
  A quokka (D:5)
  A ball python (D:2)
  5 frilled lizards
  12 goblins
  3 kobolds (D:1)
  A quokka skeleton (D:4)
  3 rats
74 creatures vanquished.

Notes
Turn   | Place    | Note
-------+----------+-------------------------------------------
     0 | D:1      | Esekla the Deep Elf Warper began the quest for the Orb.
     0 | D:1      | Reached XP level 1. HP: 12/12 MP: 6/6
   612 | D:1      | Reached XP level 2. HP: 12/16 MP: 8/8
   623 | D:1      | Learned a level 2 spell: Shroud of Golubria
   626 | D:1      | Learned a level 2 spell: Blink
  1438 | D:2      | Reached XP level 3. HP: 15/20 MP: 6/9
  1461 | D:2      | Found a runed translucent door.
  1462 | D:2      | Noticed Crazy Yiuf
  1976 | D:2      | Found a sacrificial altar of Ru.
  3654 | D:3      | Reached skill level 1 in Charms
  3697 | D:3      | Reached XP level 4. HP: 20/25 MP: 7/10
  4831 | D:4      | Got a twisted mace
  4879 | D:4      | Found a glowing golden altar of the Shining One.
  4880 | D:4      | Found a stormy altar of Qazlal.
  4880 | D:4      | Found a sparkling altar of Nemelex Xobeh.
  4881 | D:4      | Found an ancient bone altar of Kikubaaqudgha.
  5017 | D:5      | Entered Level 5 of the Dungeon
  5089 | D:5      | Noticed a gnoll sergeant
  5378 | D:4      | Noticed a hornet
  5411 | D:5      | HP: 1/25 [gnoll/stone (5)]
  5411 | D:5      | Slain by a hound

Illustrated notes

Levels and vault maps discovered:
D:1:      dpeg_arrival_yet_another_circle, layout_basic, minmay_split_cup_small
D:2:      layout_basic, nicolae_ru_the_path_less_chosen, uniq_crazy_yiuf_cottage
D:3:      layout_basic
D:4:      layout_basic, chequers_temple_overflow_statue_of_worship, first_ration
D:5:      layout_loops_ring, minitemple, temple_pool_b, minivault_25

Skill      XL: |  1  2  3 |
---------------+----------+-----
Long Blades    | 2 3 |  3.8
Dodging        | 3 |  3.5
Charms         | 1 |  1.5
Fighting       | |  1.5
Throwing       | |  1.0
Armour         | |  0.7
Spellcasting   | |  3.0
Translocations | |  3.2

Action                   |  1- 3 |  4- 6 || total
-------------------------+-------+-------++-------
Melee: Falchion          |   170 |    68 ||   238
       Long sword        |       |    48 ||    48
Throw: Boomerang         |     1 |     6 ||     7
 Cast: Shroud of Golubri |    33 |    21 ||    54
       Blink             |       |     7 ||     7
  Use: Scroll            |       |     5 ||     5
 Stab: Sleeping          |     1 |       ||     1
  Eat: Chunk             |    10 |     4 ||    14
       Ration            |       |     1 ||     1
Armor: Robe              |       |     9 ||     9
Dodge: Dodged            |   126 |    78 ||   204
       Rpst.: Falchion   |    42 |     7 ||    49
       Long sword        |       |    10 ||    10
